Map: Persephone LE

Players

Void

  • Race: Zerg Zerg
  • League: Master
  • Spawn Location: 11:00

Igua - Winner!

  • Race: Zerg Zerg
  • League: Gold
  • Spawn Location: 7:00

VOD

Have the link to the VOD?

Description

Time

  • Played on: Nov. 6, 2025, 9:59 a.m.
  • Length: 9:28
Show
View Real Time Build Order
Export as new Build Order

Void Zerg 

Build Orders: Hatch First 

Get SALT Encoding   

  12  0:00  Drone  
  13  0:12  Overlord  
  13  0:19  Drone  
  14  0:41  Hatchery  
  13  0:46  Extractor  
  12  1:00  Spawning Pool  
  11  1:15  Drone x2  
  11  1:16  Drone  
  15  1:32  Drone  
  15  1:41  Drone  
  16  1:48  Queen  
  18  1:57  Zergling x2  
  19  2:03  Metabolic Boost  
  19  2:10  Zergling x2  
  20  2:24  Drone x2  
  20  2:28  Drone x2  
  20  2:29  Zergling x2  
  25  2:42  Queen  
  27  3:16  Drone  
  27  3:18  Overlord  
  27  3:29  Baneling Nest  
  27  3:30  Hatchery  
  26  3:34  Drone x2, Extractor  
  26  3:36  Drone  
  26  3:38  Drone x2  
  26  3:39  Drone  
  30  3:54  Drone x2  
  30  3:55  Drone  
  33  3:56  Drone x2  
  35  4:17  Overlord  
  35  4:29  Overlord  
  35  4:35  Lair  
  35  4:36  Drone x2  
  37  4:40  Drone x3  
  37  4:41  Drone, Roach Warren  
  37  4:42  Drone  
  37  4:43  Zergling x4  
  37  4:45  Queen  
  45  5:08  Drone x4  
  45  5:09  Drone x2  
  45  5:12  Extractor  
  45  5:13  Extractor  
  45  5:14  Drone  
  49  5:24  Zergling x2  
  49  5:25  Zergling x12  
  56  5:30  Drone  
  57  5:50  Overlord x2  
  57  6:12  Hatchery  
  57  6:17  Zergling x2  
  57  6:18  Zergling x8  
  61  6:19  Zergling x16  
  61  6:21  Baneling x3  
  61  6:22  Baneling x3  
  61  6:24  Baneling  
  61  6:25  Baneling x7  
  69  6:26  Overlord x2  
  54  6:54  Queen  
  54  6:59  Spawning Pool  
  49  7:02  Roach  
  49  7:03  Roach x9  
  53  7:52  Zergling x14  
  53  7:53  Zergling x4  
  61  8:06  Zergling x2  
  61  8:07  Zergling x10  
  61  8:12  Spine Crawler  
  64  8:13  Spine Crawler x2  
  64  8:14  Spine Crawler  
  64  8:19  Zergling x2  
  56  8:38  Roach  
  57  8:43  Baneling x2  
Show
View Real Time Build Order
Export as new Build Order

Igua Zerg - Winner!

Build Orders: Pool First, Swarm Host 

Get SALT Encoding   

  12  0:38  Spawning Pool  
  11  0:47  Drone  
  12  0:51  Hatchery  
  12  0:52  Drone  
  12  0:56  Drone  
  13  1:01  Drone  
  14  1:11  Overlord  
  14  1:25  Overlord  
  14  1:38  Drone  
  15  1:41  Drone  
  15  1:42  Extractor  
  15  1:46  Queen  
  17  1:54  Zergling x2  
  18  2:02  Extractor  
  18  2:06  Zergling x2  
  18  2:12  Drone  
  19  2:20  Zergling x2  
  20  2:25  Drone  
  21  2:30  Queen  
  21  2:31  Drone x2  
  25  2:37  Drone  
  25  2:40  Drone  
  27  2:46  Drone  
  28  2:54  Metabolic Boost  
  29  2:58  Drone  
  29  3:02  Drone  
  30  3:06  Extractor  
  29  3:15  Drone  
  29  3:18  Burrow  
  30  3:20  Drone  
  30  3:24  Drone  
  30  3:26  Drone  
  33  3:28  Drone  
  33  3:33  Drone  
  35  3:35  Drone  
  35  3:40  Overlord  
  36  3:46  Overlord  
  36  3:53  Lair  
  36  3:58  Overlord  
  36  4:01  Drone  
  37  4:04  Drone  
  37  4:06  Drone  
  37  4:08  Drone  
  40  4:11  Drone  
  41  4:19  Drone  
  41  4:22  Overlord  
  42  4:25  Spore Crawler  
  42  4:27  Drone  
  42  4:30  Spore Crawler  
  41  4:31  Drone  
  42  4:43  Drone  
  42  4:44  Drone  
  44  4:50  Extractor  
  43  4:59  Infestation Pit  
  42  5:02  Nydus Network  
  42  5:06  Drone x2  
  43  5:17  Drone x3  
  46  5:25  Overlord  
  46  5:26  Overlord  
  46  5:30  Drone  
  46  5:34  Swarm Host x2  
  46  5:35  Swarm Host x3  
  59  5:40  Zergling x2  
  66  5:44  Pneumatized Carapace  
  66  5:53  Swarm Host  
  66  5:55  Swarm Host x3  
  78  6:00  Overseer  
  78  6:04  Drone  
  79  6:06  Drone x3  
  82  6:20  Spire  
  82  6:21  Nydus Canal  
  81  6:29  Overlord x3  
  81  6:32  Swarm Host  
  78  7:06  Swarm Host x2  
  78  7:07  Swarm Host x5  
  99  7:12  Drone  
  99  7:13  Zergling x4  
  102  7:18  Spine Crawler  
  102  7:20  Spine Crawler  
  102  7:21  Spine Crawler  
  99  7:28  Nydus Canal  
  99  7:58  Mutalisk x2  
  99  7:59  Mutalisk  
  105  8:13  Extractor  
  105  8:15  Extractor  
  105  8:16  Mutalisk x2  
  105  8:17  Hatchery, Overlord  
  105  8:18  Overlord x3  
  106  8:20  Spore Crawler  
  105  8:36  Mutalisk  
  105  8:37  Mutalisk  
  105  8:38  Mutalisk x2  
  105  8:40  Zergling x4  
  114  9:14  Drone x3  
Tags
 
Add a new tag
Caveats
  • Supply blocks, unpowered buildings, or Contaminate may cause inaccurate times.
  • Supply counts are checked every 10 seconds.